 Dungeon Sprint DCSS version 0.30-a0-118-ga018f8e90f (webtiles) character file.

Game seed: 6388542351410504537

175 mhtbhm the Geomancer (level 5, 0/28 HPs)
             Began as a Gargoyle Earth Elementalist on Sept 13, 2022.
             Was an Elder of Vehumet.
             Slain by a sixfirhy (6 damage)
             ... in the Dungeon (Sprint VII: "The Pits").
             The game lasted 00:02:12 (674 turns).

mhtbhm the Geomancer (Gargoyle Earth Elementalist)   Turns: 674, Time: 00:02:12

Health: 0/28       AC:  6    Str: 11    XL:     5   Next: 55%
Magic:  7/13       EV: 12    Int: 18    God:    Vehumet [****..]
Gold:   0          SH:  0    Dex: 10    Spells: 5/16 levels left

rFire   . . .      SeeInvis .    k - +2 mace
rCold   . . .      Faith    .    (no shield)
rNeg    + . .      Spirit   .    a - +0 robe
rPois   ∞          Reflect  .    (no helmet)
rElec   +          Harm     .    (no cloak)
rCorr   .          Rampage  .    (no gloves)
Will    .....      NoTele   +    (no boots)
Stlth   ++........               (no amulet)
HPRegen 0.09/turn                (no ring)
MPRegen 0.13/turn                (no ring)

@: no status effects
A: sickness immunity, AC +4, negative energy resistance 1, electricity
resistance, torment resistance 1, petrification resistance
a: Renounce Religion


You were in the Dungeon.
You worshipped Vehumet.
Vehumet was greatly pleased with you.
You visited 1 branch

Inventory:

Hand Weapons
 k - a +2 mace (weapon)
Armour
 a - a +0 robe (worn)
Scrolls
 g - a scroll of blinking
 i - 5 scrolls of amnesia
 j - a scroll of summoning
Potions
 b - 4 potions of magic
 c - 6 potions of curing
 d - 4 potions of heal wounds
 e - a potion of haste
 f - 3 potions of berserk rage
 h - 2 potions of invisibility


   Skills:
 + Level 3.9 Dodging
 + Level 4.2 Stealth
 + Level 6.1 Spellcasting
 + Level 1.3 Conjurations
 + Level 1.2 Transmutations
 + Level 0.7 Fire Magic
 + Level 8.7 Earth Magic


You had 5 spell levels left.
You knew the following spells:

 Your Spells              Type           Power      Damage    Failure   Level
a - Sandblast             Erth           74%        2d16      1%          1
b - Foxfire               Conj/Fire      36%        2x1d5     2%          1
c - Stone Arrow           Conj/Erth      46%        3d9       1%          3
d - Petrify               Tmut/Erth      23%        N/A       16%         4
e - Searing Ray           Conj           20%        2d5       3%          2

Your spell library contained the following spells:

 Spells                   Type           Power      Damage    Failure   Level
 Inner Flame              Hex/Fire       6%         N/A       9%          3
 Passwall                 Tmut/Erth      19%        N/A       2%          2


Dungeon Overview and Level Annotations

Branches:
Dungeon (1/1)

Altars:
Ashenzari
Cheibriados
Dithmenos
Elyvilon
Fedhas
Gozag
Hepliaklqana
Kikubaaqudgha
Makhleb
Nemelex Xobeh
Okawaru
Qazlal
Ru
Sif Muna
Trog
Uskayaw
Vehumet
Wu Jian
Xom
Yredelemnul
Zin
The Shining One
Jiyva
Lugonu


Innate Abilities, Weirdness & Mutations

You are immune to sickness and miasma.
Your stone body is resilient. (AC +4)
You are immune to poison.
You resist negative energy. (rN+)
You are resistant to electric shocks. (rElec)
You are resistant to unholy torment.
You are immune to petrification.


Message History

A sixfirhy comes into view.
Unknown command.
Casting: Stone Arrow (safe; 1% risk of failure)
Confirm with . or Enter, or press ? or * to list all spells.
You conjure some foxfire!
The foxfire hits the sixfirhy but does no damage.
The sixfirhy hits you. The sixfirhy shocks you. You resist.
Casting: Foxfire (safe; 2% risk of failure)
Confirm with . or Enter, or press ? or * to list all spells.
Okay, then.
Casting: Foxfire (safe; 2% risk of failure)
Confirm with . or Enter, or press ? or * to list all spells.
The spell is extremely dangerous to miscast (16% risk of failure)!
Continue anyway?
Okay, then.
Casting: Petrify (extremely dangerous; 16% risk of failure)
Confirm with . or Enter, or press ? or * to list all spells.
Aiming: Searing Ray (safe; 3% risk of failure)
Press: ? - help, Shift-Dir - straight line, f - sixfirhy
Aim: a sixfirhy (ally target, 46% to hit)
The searing ray misses the sixfirhy. (Press . to maintain the ray.)
The foxfire hits the sixfirhy.
The sixfirhy is lightly wounded.
The sixfirhy hits you but does no damage.
The sixfirhy barely misses you. The sixfirhy hits you. The sixfirhy shocks you.
You resist.
The sixfirhy hits you but does no damage.
The searing ray hits the sixfirhy.
The sixfirhy is lightly wounded.
The sixfirhy closely misses you.
The sixfirhy hits you but does no damage.
The searing ray misses the sixfirhy.
The searing ray hits the sixfirhy.
The sixfirhy is lightly wounded.
You finish channelling your searing ray.
You feel much better. The sixfirhy hits you. The sixfirhy shocks you.
You resist. The sixfirhy hits you! The sixfirhy shocks you. You resist.
* * * LOW HITPOINT WARNING * * *
The sixfirhy hits you.
You die...

#.#........##.......#
#)###########.......#
#.÷÷....# #########
#..###..# #.......#
##.###.##+#
#.......#.+
#..###..#3#
#..†....†@#
###########


You could see a sixfirhy.

Vanquished Creatures
  A black bear (D)
  A scorpion (D)
  A gnoll (D)
  A worm (D)
  2 orcs (D)
  3 bats (D)
  A bat skeleton (D)
  A bat zombie (D)
  An endoplasm (D)
  2 jackals (D)
  2 quokkas (D)
  A frilled lizard (D)
17 creatures vanquished.

Vanquished Creatures (others)
  2 foxfires (D)
2 creatures vanquished.

Grand Total: 19 creatures vanquished

Notes
Turn   | Place    | Note
-------+----------+-------------------------------------------
     0 | D        | mhtbhm the Gargoyle Earth Elementalist began the quest for
                  | the Orb.
     0 | D        | Reached XP level 1. HP: 10/10 MP: 3/3
    10 | D        | Reached skill level 4 in Earth Magic
    15 | D        | Found a bloodstained altar of Trog.
    15 | D        | Found a shimmering blue altar of Sif Muna.
    15 | D        | Found a viscous altar of Jiyva.
    15 | D        | Found a hazy altar of Hepliaklqana.
    15 | D        | Found an opulent altar of Gozag.
    16 | D        | Found a glowing golden altar of the Shining One.
    16 | D        | Found a glowing silver altar of Zin.
    16 | D        | Found a basalt altar of Yredelemnul.
    16 | D        | Found a shimmering altar of Xom.
    16 | D        | Found an ornate altar of the Wu Jian Council.
    16 | D        | Found a sacrificial altar of Ru.
    16 | D        | Found a stormy altar of Qazlal.
    16 | D        | Found an iron altar of Okawaru.
    16 | D        | Found a sparkling altar of Nemelex Xobeh.
    16 | D        | Found a burning altar of Makhleb.
    16 | D        | Found a blossoming altar of Fedhas.
    16 | D        | Found a white marble altar of Elyvilon.
    16 | D        | Found a shadowy altar of Dithmenos.
    16 | D        | Found a snail-covered altar of Cheibriados.
    18 | D        | Found a radiant altar of Vehumet.
    18 | D        | Found a corrupted altar of Lugonu.
    19 | D        | Found a hide-covered altar of Uskayaw.
    19 | D        | Found an ancient bone altar of Kikubaaqudgha.
    19 | D        | Found a broken altar of Ashenzari.
    28 | D        | Became a worshipper of Vehumet
   114 | D        | Reached * piety under Vehumet
   114 | D        | Offered knowledge of Foxfire by Vehumet.
   116 | D        | Reached XP level 2. HP: 15/15 MP: 1/5
   118 | D        | Learned a level 1 spell: Foxfire
   124 | D        | Reached ** piety under Vehumet
   124 | D        | Offered knowledge of Freeze by Vehumet.
   125 | D        | Reached skill level 5 in Earth Magic
   334 | D        | Offered knowledge of Searing Ray by Vehumet.
   334 | D        | Reached *** piety under Vehumet
   358 | D        | Reached XP level 3. HP: 18/19 MP: 4/7
   362 | D        | Learned a level 3 spell: Stone Arrow
   385 | D        | Noticed a scorpion
   400 | D        | Killed a scorpion
   400 | D        | Reached **** piety under Vehumet
   401 | D        | Reached skill level 1 in Transmutations
   401 | D        | Reached skill level 7 in Earth Magic
   401 | D        | Reached XP level 4. HP: 24/24 MP: 4/10
   553 | D        | Learned a level 4 spell: Petrify
   556 | D        | Learned a level 2 spell: Searing Ray
   566 | D        | Offered knowledge of Inner Flame by Vehumet.
   586 | D        | Noticed a black bear
   591 | D        | Killed a black bear
   592 | D        | Reached skill level 1 in Conjurations
   592 | D        | Reached skill level 8 in Earth Magic
   592 | D        | Reached XP level 5. HP: 21/28 MP: 4/13
   668 | D        | Noticed a sixfirhy
   674 | D        | Slain by a sixfirhy

Illustrated notes

Levels and vault maps discovered:
D:        pitsprint [storerooms_1, entrance_room_1, metal_vault_3, armoury_1,
          mini_pit_1, grid_room_1, main_hall_1, silver_pit, the_coven_2,
          the_vestibule_1, steel_vault_1, golden_pit, hallway_of_sentries,
          crystal_vault_1, iron_vault_5, final_vault]

Skill      XL: |  1  2  3  4 |
---------------+-------------+-----
Earth Magic    | 4 5 7 8 |  8.7
Dodging        | 2 3 |  3.9
Spellcasting   | 3 4 6 |  6.1
Stealth        | 3 4 |  4.2
Transmutations | 1 |  1.2
Conjurations   | 1 |  1.3
Fire Magic     | |  0.7

Action                   |  1- 3 |  4- 6 || total
-------------------------+-------+-------++-------
Melee: Mace              |     8 |       ||     8
 Cast: Sandblast         |    18 |     1 ||    19
       Foxfire           |     1 |     1 ||     2
       Stone Arrow       |     3 |     2 ||     5
       Searing Ray       |       |     2 ||     2
  Use: Potion            |     2 |     1 ||     3
Armor: Robe              |    13 |     6 ||    19
Dodge: Dodged            |    30 |     8 ||    38

Table legend: (Time is in decaauts)
 A = Elapsed time spent in this place.
 B = Non-inter-level travel time spent in this place.
 C = Inter-level travel time spent in this place.
 D = Time resting spent in this place.
 E = Time spent auto-exploring this place.
 F = Levels seen in this place.
 G = Mean time per level.
                   A        B        C        D        E       F      G
               +--------+--------+--------+--------+--------+-----+--------+
         Total |    686 |    686 |      0 |    430 |     28 |   1 |  686.0 |
       Dungeon |    686 |    686 |      0 |    430 |     28 |   1 |  686.0 |
               +--------+--------+--------+--------+--------+-----+--------+

Top non-repeatable levels by time:
       D: 686 daAuts
